 Dungeon Crawl Stone Soup version 0.21-a0-552-g593960d (webtiles) character file.

374 Megalobster the Chopper (level 6, -2/57 HPs)
             Began as a Deep Dwarf Fighter on Dec 17, 2017.
             Was a Believer of Makhleb.
             Slain by a gnoll
             ... wielding a +0 spear
              (3 damage)
             ... on level 3 of the Dungeon.
             The game lasted 00:07:57 (2101 turns).

Megalobster the Chopper (Deep Dwarf Fighter)        Turns: 2101, Time: 00:07:58

Health: -2/57      AC:  7    Str: 21    XL:     6   Next: 43%
Magic:  7/7        EV: 12    Int:  8    God:    Makhleb [**....]
Gold:   106        SH: 10    Dex: 18    Spells: 5/5 levels left

rFire    . . .     SeeInvis .   a - +0 war axe
rCold    . . .     Gourm    .   c - +0 shield
rNeg     . . .     Faith    .   b - +0 scale mail
rPois    .         Spirit   .   (no helmet)
rElec    .         Reflect  .   (no cloak)
rCorr    .         Harm     .   (no gloves)
MR       .....                  (no boots)
Stlth    +.........             (no amulet)
HPRegen  0.00/turn              u - ring of flight
MPRegen  0.10/turn              (no ring)

@: agile, non-regenerating
A: damage resistance, heal wounds, sense surroundings 1, no regeneration
a: Heal Wounds, Minor Destruction, Renounce Religion, Evoke Flight


You were on level 3 of the Dungeon.
You worshipped Makhleb.
Makhleb was pleased with you.
You were not hungry.

You visited 1 branch of the dungeon, and saw 3 of its levels.

You collected 106 gold pieces.

Inventory:

Hand Weapons
 a - a +0 war axe (weapon)
Missiles
 p - 8 tomahawks (quivered)
 s - 112 stones
Armour
 b - a +0 scale mail (worn)
 c - a +0 shield (worn)
Jewellery
 u - a ring of flight (left hand)
Scrolls
 e - 3 scrolls of teleportation {unknown}
 g - a scroll of immolation {unknown}
 k - a scroll of magic mapping {unknown}
 l - 6 scrolls of identify {unknown}
 q - a scroll of random uselessness {unknown}
 v - a scroll of remove curse {unknown}
Potions
 h - a potion of haste {unknown}
 j - a potion of flight {unknown}
 n - a potion of magic {unknown}
 o - a potion of degeneration {unknown}
 r - a potion of lignification {unknown}
 t - 2 potions of curing {unknown}
Comestibles
 f - a bread ration
 i - 11 chunks of flesh
 m - a fruit


   Skills:
 + Level 3.7 Fighting
 * Level 4.8 Axes
 + Level 4.4 Armour
 - Level 3.8 Shields
 * Level 3.6 Invocations


You had 5 spell levels left.
You didn't know any spells.

Dungeon Overview and Level Annotations

Branches:
Dungeon (3/15)

Altars:
Ashenzari
Makhleb
Okawaru


Innate Abilities, Weirdness & Mutations

You are resistant to damage.
You can heal yourself by infusing magical energy.
You passively map a small area around you.
You do not regenerate.


Message History

The gnoll is almost dead.
You block the gnoll's attack.
You hit the gnoll but do no damage.
The gnoll is almost dead.
The gnoll hits you with a halberd!
* * * LOW HITPOINT WARNING * * *
The gnoll sergeant hits you from afar with a trident!
* * * LOW HITPOINT WARNING * * *
You barely miss the gnoll.
The gnoll is almost dead.
The gnoll hits you with a halberd.
* * * LOW HITPOINT WARNING * * *
You block the gnoll sergeant's attack.
Unknown command.
It was a potion of agility.
You feel agile all of a sudden. The gnoll hits you with a halberd!
* * * LOW HITPOINT WARNING * * *
The gnoll hits you from afar with a spear.
You die...

.##.###.######.# , * ##....
.#.##....÷.....# #.#..
.##.#.#.######## ≈ + #.##.
.......## , #.##.##. #.###.## ,
....... .####.# #..# .......
......#############..# # ###.#..
#####............##..# #.###.#..
# #)##########@##..####.>.#.#.. #
#.# #####g##......# #...÷. # #.#
#...gg##...#.#* ##...^
#####.######.###)##.....#####..÷.
...............)................P
≈≈≈≈≈≈≈≈≈≈≈....≈≈≈≈≈≈≈≈≈≈≈≈≈≈≈≈≈≈
≈≈≈≈≈≈≈≈≈≈≈...g≈≈≈≈≈≈≈≈≈≈≈≈≈≈≈≈≈≈
≈≈≈≈≈≈≈≈≈≈≈....≈≈g≈≈≈≈≈≈≈≈≈#####≈
...........................#ggg#≈


You could see a gnoll sergeant and 3 gnolls.

Vanquished Creatures
  A hound (D:2)
  2 orc wizards (D:3)
  A gnoll shaman (D:3)
  11 gnolls (D:3)
  2 adders
  An ooze (D:1)
  5 worms
  2 dart slugs
  2 leopard geckos
  8 orcs (D:3)
  4 giant cockroaches
  4 goblins
  9 hobgoblins
  20 jackals
  A quokka (D:3)
  13 bats
  5 frilled lizards
  12 kobolds
  7 rats
110 creatures vanquished.

Notes
Turn   | Place    | Note
-------+----------+-------------------------------------------
     0 | D:1      | Megalobster the Deep Dwarf Fighter began the quest for the Orb.
     0 | D:1      | Reached XP level 1. HP: 20/20 MP: 1/1
     2 | D:1      | Noticed a naga
     2 | D:1      | Noticed a troll
     4 | D:1      | Noticed a halfling
     4 | D:1      | Noticed a vine stalker
     6 | D:1      | Noticed a formicid
     6 | D:1      | Noticed a centaur
     8 | D:1      | Noticed a demonspawn
     8 | D:1      | Noticed an elf
    10 | D:1      | Noticed a spriggan
    12 | D:1      | Noticed a gargoyle
    14 | D:1      | Noticed a demigod
    14 | D:1      | Noticed a ghoul
    16 | D:1      | Noticed a merfolk
    16 | D:1      | Noticed a draconian
    18 | D:1      | Noticed a felid
    18 | D:1      | Noticed an ogre
    21 | D:1      | Noticed a minotaur
    21 | D:1      | Noticed a vampire
    23 | D:1      | Noticed a dwarf
    23 | D:1      | Noticed a human
    25 | D:1      | Noticed a tengu
    27 | D:1      | Noticed an octopode
   138 | D:1      | Reached XP level 2. HP: 21/27 MP: 2/2
   347 | D:1      | Reached XP level 3. HP: 22/33 MP: 3/3
  1314 | D:2      | Found a burning altar of Makhleb.
  1330 | D:2      | Reached XP level 4. HP: 14/42 MP: 4/4
  1336 | D:2      | Became a worshipper of Makhleb the Destroyer
  1515 | D:3      | Reached skill level 1 in Invocations
  1558 | D:3      | Found a shattered altar of Ashenzari.
  1648 | D:3      | Found an iron altar of Okawaru.
  1655 | D:3      | Reached XP level 5. HP: 48/49 MP: 6/6
  1665 | D:3      | Reached * piety under Makhleb
  2050 | D:3      | Reached XP level 6. HP: 45/56 MP: 7/7
  2095 | D:3      | Reached ** piety under Makhleb
  2101 | D:3      | HP: 1/57 [gnoll/halberd (5)]
  2101 | D:3      | Slain by a gnoll

Vault maps used:
D:1:      kb_arrival_jail, minmay_misc_feat_plants, hex_medium
D:2:      makhleb_heckhound_becter, minmay_split_cup_large
D:3:      lemuel_castle_with_subvaults, okawaru_trees_2, minmay_liquid_box,
          cheibrodos_ashenzari_chains

Skill      XL: |  1  2  3  4  5 |
---------------+----------------+-----
Axes           | 3 4 |  4.8
Fighting       | 3 |  3.7
Invocations    | 1 3 |  3.6
Armour         | 4 |  4.4
Shields        | |  3.8

Action                   |  1- 3 |  4- 6 || total
-------------------------+-------+-------++-------
Melee: War axe           |   152 |   203 ||   355
 Abil: Heal Wounds       |       |     3 ||     3
  Use: Potion            |       |     2 ||     2
  Eat: Chunk             |     2 |     3 ||     5
Armor: Scale mail        |    89 |    99 ||   188
Dodge: Dodged            |    63 |    59 ||   122
Block: Shield            |   116 |   105 ||   221

Table legend:
 A = Spawn XP
 B = Non-spawn XP
 C = Spawn XP percentage of total XP
 D = Spawn monster count
 E = Non-spawn monster count
 F = Spawn count percentage of total count
 G = Total turns spent on level
                    A         B        C        D         E        F      G
               +---------+---------+-------+---------+---------+-------+---------
         Total |       0 |     535 |   0.0 |       0 |     110 |   0.0 |  2101
               +---------+---------+-------+---------+---------+-------+---------
           D:1 |       0 |      64 |   0.0 |       0 |      38 |   0.0 |   798
           D:2 |       0 |      89 |   0.0 |       0 |      20 |   0.0 |   696
           D:3 |       0 |     382 |   0.0 |       0 |      52 |   0.0 |   607
               +---------+---------+-------+---------+---------+-------+---------
